 Dungeon Crawl Stone Soup version 0.28-a0-851-g8b9cc49659 (webtiles) character file.

Game seed: 6282941332807284667

120 jasper the Chopper (level 4, -4/38 HPs)
             Began as a Demigod Fighter on Nov 14, 2021.
             Slain by an orc warrior (11 damage)
             ... on level 3 of the Dungeon.
             The game lasted 00:04:15 (2697 turns).

jasper the Chopper (Demigod Fighter)                Turns: 2697, Time: 00:04:16

Health: -4/38      AC:  6    Str: 21    XL:     4   Next: 47%
Magic:  6/6        EV:  9    Int: 10    God:
Gold:   58         SH:  5    Dex: 13    Spells: 3/3 levels left

rFire   . . .      SeeInvis .   a - +1 war axe
rCold   . . .      Faith    .   (no shield)
rNeg    + . .      Spirit   .   b - +0 scale mail
rPois   .          Reflect  +   (no helmet)
rElec   .          Harm     .   (no cloak)
rCorr   .          Rampage  .   (no gloves)
Will    .....                   (no boots)
Stlth   ..........              k - amulet of reflection
HPRegen 0.12/turn               f - ring of positive energy
MPRegen 0.10/turn               (no ring)

@: mighty
A: high mp 1, forlorn
a: no special abilities


You were on level 3 of the Dungeon.
You visited 1 branch of the dungeon, and saw 3 of its levels.

You collected 58 gold pieces.

Inventory:

Hand Weapons
 a - a +1 war axe (weapon)
Missiles
 c - 108 stones (quivered)
Armour
 b - a +0 scale mail (worn)
Jewellery
 f - a ring of positive energy (left hand)
 k - an amulet of reflection (around neck)
Scrolls
 j - a scroll of enchant armour {unknown}
Potions
 e - 2 potions of heal wounds
 g - a potion of flight {unknown}
 h - a potion of lignification {unknown}
 i - a potion of degeneration {unknown}


   Skills:
 + Level 3.4 Fighting
 * Level 3.4 Axes
 + Level 3.4 Armour
 - Level 2.6 Shields


You had 3 spell levels left.
You didn't know any spells.
Your spell library was empty.

Dungeon Overview and Level Annotations

Branches:
Dungeon (3/15)


Innate Abilities, Weirdness & Mutations

Your attributes grow dramatically as you level up.
You have an increased reservoir of magic. (+10% MP)
You shall have no god before yourself.


Message History

The howler monkey zombie is almost destroyed.
The howler monkey zombie hits you but does no damage.
You slash the howler monkey zombie!
You destroy the howler monkey zombie!
Things that are here:
a +0 hand axe; a +0 leather armour
c - 106 stones (gained 1)
c - 107 stones (gained 1)
c - 108 stones (gained 1)
You now have 58 gold pieces (gained 7).
k - an amulet of reflection Health restored: 38
Found a stone staircase leading down.
An orc and an orc warrior come into view.
The orc shouts!
You start putting on your amulet.
You continue putting on your amulet of reflection. x2
Keep equipping yourself?
You continue putting on your amulet of reflection.
The orc shouts!
You continue putting on your amulet of reflection. x2
You finish putting on your amulet of reflection.
You feel a shielding aura gather around you.
k - an amulet of reflection (around neck)
You feel very mighty all of a sudden.
The orc warrior hits you with a +0 long sword.
You take 5 damage, and have 33/38 hp.
You closely miss the orc warrior.
A ball python comes into view.
The orc warrior hits you with a +0 long sword!!
The ball python moves out of view.
You take 18 damage, and have 15/38 hp.
MASSIVE DAMAGE!!
You slash the orc warrior!
The orc warrior is severely wounded.
You hit the orc.
The orc warrior hits you with a +0 long sword!
* * * LOW HITPOINT WARNING * * *
You block the orc's attack.
The orc warrior hits you with a +0 long sword!
You die...

..... ...... .....
..... ......##...#
.......+...+
.......#... #........
#..... #.....oo#
.........#.....o@#
........##.......#
....#...##.......##+##
....#...##>............
....#...##+##..........
#...#.......#..........
##..........#..........
............#..........
...)).......#..........


You could see an orc warrior and 2 orcs.

Vanquished Creatures
  Natasha (D:3)
  An orc wizard (D:3)
  A howler monkey zombie (D:3)
  A worm (D:2)
  A dart slug (D:1)
  10 orcs (D:3)
  3 bats
  2 endoplasms (D:1)
  2 giant cockroaches
  4 goblins
  2 hobgoblins
  4 kobolds
  2 quokkas (D:1)
  4 ball pythons
  2 frilled lizards
  6 rats
46 creatures vanquished.

Notes
Turn   | Place    | Note
-------+----------+-------------------------------------------
     0 | D:1      | jasper the Demigod Fighter began the quest for the Orb.
     0 | D:1      | Reached XP level 1. HP: 18/18 MP: 3/3
   214 | D:1      | Reached XP level 2. HP: 24/25 MP: 4/4
  1789 | D:2      | Reached XP level 3. HP: 10/30 MP: 5/5
  2618 | D:3      | Noticed Natasha
  2623 | D:3      | Reached XP level 4. HP: 36/38 MP: 6/6
  2625 | D:3      | Killed Natasha
  2689 | D:3      | Noticed an orc warrior
  2697 | D:3      | Slain by an orc warrior

Illustrated notes

Levels and vault maps discovered:
D:1:      zaba_arrival_water, layout_loops_ring, st_stairs_14
D:2:      layout_loops_corners, basic_altar
D:3:      layout_basic, ebering_ecumenical_altar_rust, uniq_natasha

Skill      XL: |  1  2  3 |
---------------+----------+-----
Axes           | 2 3 |  3.4
Armour         | 3 |  3.4
Fighting       | 3 |  3.4
Shields        | |  2.6

Action                   |  1- 3 |  4- 6 || total
-------------------------+-------+-------++-------
Melee: War axe           |   121 |     6 ||   127
Throw: Stone             |    87 |       ||    87
  Use: Scroll            |     6 |       ||     6
       Potion            |       |     1 ||     1
Armor: Scale mail        |    74 |     2 ||    76
Dodge: Dodged            |    40 |     4 ||    44
Block: Other             |       |     1 ||     1

Table legend: (Time is in decaauts)
 A = Elapsed time spent in this place.
 B = Non-inter-level travel time spent in this place.
 C = Inter-level travel time spent in this place.
 D = Time resting spent in this place.
 E = Time spent auto-exploring this place.
 F = Levels seen in this place.
 G = Mean time per level.
                   A        B        C        D        E       F      G
               +--------+--------+--------+--------+--------+-----+--------+
         Total |   2758 |   2716 |     42 |    115 |   2173 |   3 |  919.3 |
       Dungeon |   2758 |   2716 |     42 |    115 |   2173 |   3 |  919.3 |
               +--------+--------+--------+--------+--------+-----+--------+

Top non-repeatable levels by time:
     D:2: 1290 daAuts
     D:1: 1073 daAuts
     D:3: 395 daAuts
